 Dungeon Crawl Stone Soup version 0.16.1-51-g6203257 (webtiles) character file.

22321 kae the Unseen (level 12, 0/51 HPs)
             Began as a Spriggan Enchanter on July 5, 2015.
             Was a High Priest of Dithmenos.
             Slain by a seven-headed hydra (7 damage)
             ... on level 4 of the Lair of Beasts.
             The game lasted 00:29:02 (16453 turns).

kae the Unseen (Spriggan Enchanter)                Turns: 16453, Time: 00:29:02

Health: 0/51       AC:  4    Str:  7    XL:     12   Next: 62%
Magic:  0/42       EV: 24    Int: 16    God:    Dithmenos [*****.]
Gold:   296        SH:  0    Dex: 19    Spells: 4 memorised, 24 levels left

rFire  . . .     SeeInvis +     a - +1 dagger (venom)
rCold  . . .     Clarity  .     z - +0 robe {MR+}
rNeg   . . .     SustAb   .     (shield restricted)
rPois  +         Gourm    .     M - +2 hat
rElec  +         Spirit   +     (no cloak)
rCorr  .         Warding  .     (gloves unavailable)
rMut   .         Stasis   .     (boots unavailable)
MR     +++..                    f - amulet of guardian spirit
Stlth  ++++++++++               o - ring of magical power
                                A - ring "Noteem" {rElec rPois Slay+5}

@: wreathed by umbra, very quick, extremely resistant to hostile enchantments,
uncannily stealthy
A: unfitting armour, repulsion field 1, see invisible, herbivore 3, speed 3,
slow metabolism 2
a: Shadow Step, Shadow Form, Renounce Religion


You were on level 4 of the Lair of Beasts.
You worshipped Dithmenos.
Dithmenos was extremely pleased with you.
You were very hungry.

You visited 3 branches of the dungeon, and saw 16 of its levels.
You visited 1 bazaar.

You collected 959 gold pieces.
You spent 663 gold pieces at shops.

Inventory:

Hand weapons
 a - a +1 dagger of venom (weapon)
Armour
 b - a +2 robe
 z - a +0 robe of magic resistance (worn)
 M - a +2 hat (worn)
Jewellery
 f - an amulet of guardian spirit (around neck)
 i - an uncursed ring of fire
 o - a ring of magical power (right hand)
 s - an uncursed ring of magical power
 x - an uncursed ring of teleportation
 y - an uncursed ring of protection from magic
 A - the ring "Noteem" (left hand) {rElec rPois Slay+5}
   (You bought it in a shop in a bazaar)

   [ring of poison resistance]

   It affects your accuracy and damage with ranged weapons and melee attacks
   (+5).
   It insulates you from electricity.
   It protects you from poison.
 E - an uncursed ring of stealth {unknown}
 F - an uncursed ring of fire
 I - an uncursed ring of magical power
 O - an uncursed ring of flight {unknown}
Magical devices
 k - a wand of slowing (43)
 p - a wand of random effects (19)
 C - a wand of magic darts (20)
 H - a wand of polymorph (12)
 Q - a wand of draining (7)
Scrolls
 g - 2 scrolls of magic mapping
 j - 5 scrolls of recharging
 n - 3 scrolls of blinking
 t - 8 scrolls of remove curse
 v - 6 scrolls of identify
 w - a scroll of immolation
 D - a scroll of enchant armour
 J - 2 scrolls of amnesia
 R - a scroll of brand weapon {unknown}
Potions
 e - a potion of restore abilities
 h - 6 potions of curing
 l - 4 potions of might
 m - a potion of mutation
 q - a potion of berserk rage
 r - 5 potions of brilliance
 u - 5 potions of agility
 K - a potion of invisibility {unknown}
 L - a potion of heal wounds
 N - a potion of cure mutation {unknown}
 P - 2 potions of haste
Books
 c - a book of Maledictions

   Spells                             Type                      Level
   a - Corona                         Hexes                        1
   b - Sure Blade                     Hexes/Charms                 2
   c - Ensorcelled Hibernation        Hexes/Ice                    2
   d - Confuse                        Hexes                        3
   e - Dazzling Spray                 Conjuration/Hexes            3
   f - Enslavement                    Hexes                        4
 S - a book of Alchemy

   Spells                             Type                      Level
   a - Sublimation of Blood           Necromancy                   2
   b - Alistair's Intoxication        Transmutation/Poison         4
   c - Condensation Shield            Ice                          4
   d - Petrify                        Transmutation/Earth          4
   e - Ignite Poison                  Fire/Transmutation           5
   f - Irradiate                      Conjuration/Transmutation    5
 U - a book of Death

   Spells                             Type                      Level
   a - Corpse Rot                     Necromancy                   2
   b - Sublimation of Blood           Necromancy                   2
   c - Agony                          Necromancy                   5
   d - Dispel Undead                  Necromancy                   5
   e - Excruciating Wounds            Charms/Necromancy            5
   f - Bolt of Draining               Conjuration/Necromancy       5
Comestibles
 d - 9 bread rations
 B - 3 fruits
 G - 2 royal jellies
 T - 2 slices of pizza


   Skills:
 * Level 13.0 Short Blades
 * Level 5.7 Dodging
 * Level 17.9 Stealth
 + Level 10.6 Spellcasting
 + Level 10.9 Hexes


You had 24 spell levels left.
You knew the following spells:

 Your Spells              Type           Power        Failure   Level  Hunger
a - Corona                Hex            #####..      1%          1    None
b - Ensorcelled Hibernat  Hex/Ice        ####..       1%          2    None
c - Confuse               Hex            #####...     1%          3    None
d - Sure Blade            Hex/Chrm       ####......   1%          2    None


Dungeon Overview and Level Annotations

Branches:
Dungeon (11/15)            Temple (1/1) D:6            Lair (4/8) D:11
  Swamp (0/5) Lair:3          Orc (0/4) D:11
  Snake: Lair:3-6    Spider: Lair:3-6

Altars:
Ashenzari
Cheibriados
Dithmenos
Elyvilon
Fedhas
Gozag
Kikubaaqudgha
Makhleb
Nemelex Xobeh
Okawaru
Qazlal
Ru
Sif Muna
Trog
Vehumet
Xom
Yredelemnul
Zin

Annotations:
D:6 exclusion: electric eel
D:7 exclusion: giant spore


Innate Abilities, Weirdness & Mutations

You are tiny and cannot use many weapons and most armour.
You have supernaturally acute eyesight.
You are a herbivore.
You cover ground extremely quickly.
You need consume almost no food.
You are surrounded by a mild repulsion field (EV +2).


Message History

A seven-headed hydra is nearby!
The seven-headed hydra bites you!
The seven-headed hydra closely misses you. x2
The seven-headed hydra bites you! x3
The seven-headed hydra closely misses you.
Casting: Ensorcelled Hibernation
Confirm with . or Enter, or press ? or * to list all spells.
Aiming: Ensorcelled Hibernation
Press: ? - help, Shift-Dir - straight line, f - seven-headed hydra
Aim: a seven-headed hydra (umbra, chance 21%)
The seven-headed hydra resists with almost no effort.
The yak bellows!
The seven-headed hydra barely misses you.
The seven-headed hydra closely misses you.
The seven-headed hydra bites you! x2
* * * LOW HITPOINT WARNING * * *
The seven-headed hydra misses you. The seven-headed hydra bites you!
* * * LOW HITPOINT WARNING * * *
The seven-headed hydra bites you!
You die...

#.####.#..# ## #
#>........##.# #..
###.........#.# .Y.#
#............#####...#
#........##...##P....#
......##.##P..$......#
#..(.#######......#...##
#....# ####....PD#....P#
#....##.PPP.....@........
...... .PP...............
.... P..#.#.###[####..P .
# ##### ### .#


You could see a seven-headed hydra and a yak.

Vanquished Creatures
  A hydra (D:11)
  A hill giant (D:11)
  A griffon (Lair:4)
  2 ugly things
  A centaur zombie (D:10)
  6 spiny frogs
  A gargoyle (D:11)
  4 komodo dragons
  A fire drake (Lair:2)
  A troll (D:10)
  Grinder (D:3)
  5 blink frogs
  34 yaks
  8 hippogriffs
  6 swamp worms (Lair:3)
  12 wolves
  4 porcupines
  A soldier ant (D:10)
  3 orc warriors
  4 water moccasins
  3 sky beasts
  4 ogres
  2 ice beasts (D:8)
  A wasp (D:10)
  A necrophage (D:11)
  4 phantoms
  6 centaurs
  2 big kobolds
  7 crocodiles
  The ghost of Razmath the Gusty, an average TeAE (D:3)
  5 giant frogs
  A wyvern zombie (D:11)
  7 scorpions
  5 wights
  2 electric eels
  A vampire bat (D:2)
  A goliath beetle (D:8)
  9 hounds
  A quasit (D:5)
  5 orc priests
  4 crimson imps
  3 giant frog zombies
  2 jellies
  8 orc wizards
  5 worker ants
  3 iguanas
  6 sheep (Lair:3)
  2 hound skeletons
  A worker ant zombie (D:11)
  5 gnolls
  14 adders
  42 river rats
  3 giant mites
  2 shadow imps
  A worm (D:2)
  6 giant geckos
  40 orcs
  A ball python (D:1)
  A bat skeleton (D:2)
  6 bat zombies (D:2)
  17 hobgoblins
  29 kobolds
  16 quokkas
  12 bats
  3 giant cockroaches
  A giant cockroach zombie (D:5)
  A giant gecko skeleton (D:4)
  8 giant newts
  A giant spore (D:8)
  13 goblins
  7 jackals
  A quokka skeleton (D:5)
  17 rats
  2 ballistomycetes (D:8)
448 creatures vanquished.

Vanquished Creatures (others)
  An orc priest (D:7)
  5 sheep (D:4)
  4 orcs (D:7)
  A giant gecko (D:11)
11 creatures vanquished.

Grand Total: 459 creatures vanquished

Notes
Turn   | Place    | Note
--------------------------------------------------------------
     0 | D:1      | kae, the Spriggan Enchanter, began the quest for the Orb.
     0 | D:1      | Reached XP level 1. HP: 9/9 MP: 4/4
   327 | D:1      | Reached XP level 2. HP: 2/13 MP: 5/7
   473 | D:1      | Learned a level 2 spell: Ensorcelled Hibernation
   815 | D:1      | Reached skill level 5 in Stealth
  1003 | D:1      | Reached XP level 3. HP: 8/16 MP: 9/9
  1435 | D:2      | Found a radiant altar of Vehumet.
  1520 | D:2      | Found a bloodstained altar of Trog.
  1811 | D:2      | Found an ancient bone altar of Kikubaaqudgha.
  1841 | D:2      | Reached XP level 4. HP: 9/21 MP: 9/13
  2084 | D:3      | Noticed Grinder
  2169 | D:3      | Noticed Razmath's ghost (average TeAE)
  2175 | D:2      | Learned a level 3 spell: Confuse
  2178 | D:2      | Learned a level 2 spell: Sure Blade
  2211 | D:3      | Killed Grinder
  2211 | D:3      | Reached skill level 7 in Stealth
  2211 | D:3      | Reached skill level 5 in Hexes
  2211 | D:3      | Reached XP level 5. HP: 24/24 MP: 5/16
  2211 | D:3      | Reached XP level 6. HP: 28/28 MP: 5/18
  2506 | D:3      | Noticed a giant frog
  2513 | D:3      | Killed a giant frog
  2734 | D:3      | Killed Razmath's ghost
  2950 | D:3      | Reached XP level 7. HP: 32/32 MP: 21/21
  3012 | D:4      | Reached skill level 5 in Short Blades
  3074 | D:4      | Reached skill level 8 in Stealth
  3088 | D:4      | Found a shimmering altar of Xom.
  3326 | D:4      | Found a stormy altar of Qazlal.
  3876 | D:4      | Found a burning altar of Makhleb.
  3876 | D:4      | Noticed an Executioner
  4021 | D:5      | Entered Level 5 of the Dungeon
  4043 | D:5      | Reached skill level 9 in Stealth
  4104 | D:5      | Reached XP level 8. HP: 36/36 MP: 23/23
  4118 | D:5      | Found a shattered altar of Ashenzari.
  4315 | D:5      | Reached skill level 5 in Spellcasting
  4475 | D:5      | Found a deep blue altar of Sif Muna.
  4679 | D:5      | Reached skill level 10 in Stealth
  4784 | D:6      | Found an opulent altar of Gozag.
  5207 | D:6      | Found a staircase to the Ecumenical Temple.
  5294 | Temple   | Entered the Ecumenical Temple
  5505 | Temple   | Became a worshipper of Dithmenos the Shadowed
  5894 | D:7      | Reached skill level 11 in Stealth
  6166 | D:7      | Found a basalt altar of Yredelemnul.
  6546 | D:7      | Reached XP level 9. HP: 39/39 MP: 26/26
  7228 | D:8      | Found a sparkling altar of Nemelex Xobeh.
  7342 | D:8      | Reached skill level 12 in Stealth
  8204 | D:8      | Acquired Dithmenos' first power
  9039 | D:9      | Reached skill level 13 in Stealth
  9226 | D:9      | Noticed a green ugly thing
  9234 | D:9      | Killed a green ugly thing
  9244 | D:9      | Found a sacrificial altar of Ru.
  9271 | D:9      | Reached XP level 10. HP: 32/44 MP: 22/29
  9648 | D:10     | Entered Level 10 of the Dungeon
  9787 | D:10     | Acquired Dithmenos' second power
  9999 | D:10     | Reached skill level 10 in Short Blades
 10001 | D:10     | Reached skill level 14 in Stealth
 10769 | D:11     | Found a staircase to the Lair.
 10769 | D:11     | Noticed a hill giant
 10769 | D:11     | Noticed a seven-headed hydra
 10943 | D:10     | Gained mutation: You are surrounded by a mild repulsion field (EV +2). [potion of beneficial mutation]
 10953 | D:11     | Killed a hill giant
 10953 | D:11     | Reached skill level 15 in Stealth
 10953 | D:11     | Reached XP level 11. HP: 47/47 MP: 31/31
 10961 | D:11     | Killed a seven-headed hydra
 11025 | D:11     | Found a flickering gateway to a bazaar.
 11142 | D:11     | Found a staircase to the Orcish Mines.
 11165 | D:11     | Acquired Dithmenos' third power
 11186 | Bazaar   | Entered a bazaar
 11436 | Bazaar   | Found Chienlum's Jewellery Shop.
 11443 | Bazaar   | Bought a cursed -2 ring of intelligence for 18 gold pieces
 11443 | Bazaar   | Bought the ring "Noteem" {rElec rPois Slay+5} for 495 gold pieces
 11453 | Bazaar   | Found Wionk's Book Shoppe.
 11458 | Bazaar   | Found Jefesead's General Store.
 11468 | Bazaar   | Bought a +0 robe of magic resistance for 84 gold pieces
 11468 | Bazaar   | Bought 4 fruits for 66 gold pieces
 11472 | Bazaar   | Found Mnou's Distillery.
 12893 | D:11     | Reached skill level 16 in Stealth
 12898 | Lair:1   | Entered Level 1 of the Lair of Beasts
 13487 | Lair:1   | Found a shimmering altar of Xom.
 13490 | Lair:1   | Reached skill level 10 in Hexes
 14269 | Lair:2   | Reached skill level 10 in Spellcasting
 14269 | Lair:2   | Reached XP level 12. HP: 51/51 MP: 33/33
 14512 | Lair:2   | Acquired Dithmenos' fourth power
 14535 | Lair:2   | Reached skill level 17 in Stealth
 15872 | Lair:3   | Found a staircase to the Swamp.
 16209 | Lair:4   | Reached skill level 5 in Dodging
 16448 | Lair:4   | Noticed a seven-headed hydra
 16453 | Lair:4   | Slain by a seven-headed hydra

Action                   |  1- 3 |  4- 6 |  7- 9 | 10-12 || total
-------------------------+-------+-------+-------+-------++-------
Melee: Dagger            |   145 |    93 |   411 |   512 ||  1161
       Unarmed           |       |       |    23 |       ||    23
 Cast: Corona            |     5 |     1 |       |     1 ||     7
       Ensorcelled Hiber |    12 |    16 |    89 |   246 ||   363
       Confuse           |       |     6 |    27 |    16 ||    49
       Sure Blade        |       |     1 |       |     1 ||     2
Evoke: Wand              |       |       |     1 |       ||     1
  Use: Scroll            |       |     2 |     7 |    14 ||    23
       Potion            |       |       |     1 |     8 ||     9
 Stab: Sleeping          |    16 |    13 |    94 |   163 ||   286
       Distracted        |     1 |       |     5 |     4 ||    10
       Confused          |       |     5 |    12 |     9 ||    26
  Eat: Bread ration      |       |     1 |     1 |       ||     2
       Fruit             |       |       |     1 |     4 ||     5
